 Dungeon Crawl Stone Soup version 0.29.1-13-g9f3cf754e1 (webtiles) character file.

Game seed: 8688051577809759272

10 Barneous the Twirler (level 2, 0/19 HPs)
             Began as an Octopode Wanderer on Feb 6, 2023.
             Slain by a jackal (3 damage)
             ... on level 1 of the Dungeon.
             The game lasted 00:01:49 (252 turns).

Barneous the Twirler (Octopode Wanderer)             Turns: 252, Time: 00:01:49

Health: 0/19       AC:  1    Str:  9    XL:     2   Next: 20%
Magic:  2/2        EV:  8    Int: 12    God:
Gold:   25         SH:  4    Dex: 15    Spells: 1/1 levels left

rFire   . . .      SeeInvis .   a - +2 short sword
rCold   . . .      Faith    .   c - +0 buckler
rNeg    . . .      Spirit   .   (helmet restricted)
rPois   +          Reflect  .   (no amulet)
rElec   .          Harm     .   b - ring of poison resistance
rCorr   .          Rampage  .   (no ring)
Will    .....                   (no ring)
Stlth   +++.......              (no ring)
HPRegen 0.06/turn               (no ring)
MPRegen 0.08/turn               (no ring)
                                (no ring)
                                (no ring)

@: constricted
A: almost no armour, amphibious, 8 rings, camouflage 1, gelatinous body 1,
(nimble swimmer 1), tentacles
a: no special abilities


You were on level 1 of the Dungeon.
You visited 1 branch of the dungeon, and saw 1 of its levels.

You collected 25 gold pieces.

Inventory:

Hand Weapons
 a - a +2 short sword (weapon)
Armour
 c - a +0 buckler (worn)
Jewellery
 b - a ring of poison resistance (left tentacle)


   Skills:
 + Level 2.1 Fighting
 + Level 3.0 Short Blades
 - Level 3.0 Staves
 + Level 0.4 Stealth
 + Level 1.2 Shields
 + Level 0.5 Unarmed Combat
 + Level 0.2 Spellcasting
 + Level 1.2 Invocations


You had one spell level left.
You didn't know any spells.
Your spell library was empty.

Dungeon Overview and Level Annotations

Branches:
Dungeon (1/15)

Altars:


Innate Abilities, Weirdness & Mutations

You cannot wear most types of armour.
You are amphibious.
You can wear up to eight rings at the same time.
Your skin changes colour to match your surroundings (Stealth+).
Your rubbery body absorbs attacks. (AC +1, EV +1)
((You are camouflaged when in or above water. (Stealth+)))
You have tentacles for arms and can constrict up to eight enemies at once.


Message History

The kobold is moderately wounded.
You hear an angry hiss.
A frilled lizard comes into view.
The kobold hits you but does no damage. The jackal closely misses you.
You closely miss the kobold. Your grab misses the kobold.
The kobold is moderately wounded.
The kobold hits you with a +0 dagger.
You closely miss the kobold. Your grab misses the kobold.
The kobold is moderately wounded.
You block the jackal's attack. The kobold barely misses you.
The jackal barely misses you.
You closely miss the jackal. You grab the jackal.
You constrict the jackal, but do no damage.
The jackal barely misses you. The kobold closely misses you.
You barely miss the kobold. Your grab misses the kobold.
The kobold is moderately wounded.
You constrict the jackal. The jackal misses you. The jackal closely misses you.
The kobold hits you with a +0 dagger. The jackal bites you. x2
You closely miss the jackal. Your grab misses the jackal.
You constrict the jackal. The kobold hits you with a +0 dagger.
A hobgoblin comes into view.
The jackal barely misses you. The frilled lizard barely misses you.
The jackal completely misses you. The ball python barely misses you. x2
The hobgoblin shouts!
You hit the jackal.
You kill the jackal!
The frilled lizard barely misses you. The kobold hits you with a +0 dagger.
The ball python closely misses you. The ball python grabs you.
The ball python constricts you. The jackal closely misses you.
The jackal bites you.
You aren't carrying any potions.
You closely miss the kobold. Your grab misses the kobold.
You squeeze the kobold.
The kobold is heavily wounded.
The frilled lizard barely misses you. The kobold hits you with a +0 dagger.
* * * LOW HITPOINT WARNING * * *
The ball python bites you.
* * * LOW HITPOINT WARNING * * *
The ball python constricts you. The jackal bites you.
You die...

#.......###### #'#########
#............. #.#.#♣♣♣♣♣#
#.......###### #..........
#............# #..♣..♣.♣..
#............###~#♣♣..~..♣
#...†.....$....#≈#P♣.~~≈.♣
..............!.###≈#<..~8~..
...##.......Sh...#
#≈#P♣.~~≈.♣ .. #.......h@l..#
#≈#♣♣..~..♣ . ####.##.K#l.##
#. ..♣.♣.. #.##.r...#
..[..... #.##..#...# .#♣♣♣♣♣#
#....(... .....g....
#........#.. ..#. ..#....


You could see 2 jackals, a hobgoblin, a ball python, a kobold, 2 frilled lizards
and a rat.

Vanquished Creatures
  A ball python (D:1)
  A goblin (D:1)
  2 hobgoblins (D:1)
  A jackal (D:1)
  2 bats (D:1)
  A frilled lizard (D:1)
  2 rats (D:1)
10 creatures vanquished.

Notes
Turn   | Place    | Note
-------+----------+-------------------------------------------
     0 | D:1      | Barneous the Octopode Wanderer began the quest for the Orb.
     0 | D:1      | Barneous set off with the following items: a +2 short
                  | sword, a +0 quarterstaff, a +0 buckler, a potion of
                  | lignification.
     0 | D:1      | Reached XP level 1. HP: 14/14 MP: 1/1
   115 | D:1      | Reached XP level 2. HP: 13/19 MP: 2/2
   252 | D:1      | Slain by a jackal

Illustrated notes

Levels and vault maps discovered:
D:1:      tarquinn_simple_flora_water_b, layout_rooms, serial_shops,
          nicolae_shop_advertising_works [nicolae_subvault_shop_adworks],
          minivault_27

Action                   || total
-------------------------++-------
Melee: Short sword       ||    20
       Constrict         ||     6
       Tentacles         ||     3
  Use: Potion            ||     2
 Stab: Distracted        ||     1
Armor: Skin              ||     1
Dodge: Dodged            ||    24
Block: Buckler           ||     4
